Unix NetHack Version 5.0.0-0 post-release - last build May  4 2026 22:22:43 (774f63e81ad911689b3a0859ea89b322d5daca8d,branch:main).

Game began 2026-05-05 14:59:51, ended 2026-05-06 22:34:58.

BoozyBardOfBrew, lawful female human Valkyrie

         #                                                       ----------
   *``* ##*#         ####################################       #-..<.....|
  --....-....       ##  --------------------------------#       #|........|
  |........%*       #   |..............................|#  ######|........|
  |..........%)#########....--------.......-----------.|#  #     --|-------
  |.........|# #        |...|+++|..|------.|..|(.!|..|.|# ##       #
  |.........|##"        |...|+++|..|.....|.|..|(((|..-..# #        #
  |.........|##         |...|...|-.|.._@.|.-|-|...|--..|# #        ####
  -....-|----####` `   #|...---|-..|.....|}...--|--....|# #           #
   *##  ########`#  # ##...........|.....|[}.}...[.....|# #           #
  #*#` # # *#*#######*[#.........{.-----|-.{...........|###           #*#
  ##)#[*# ## #`#########).)..........)...........(......###############*#
  #*##*#***#####*##`##**....--(--...........--|--|--...|               -.-----
  #####*`)##  ##*######`....|...|-------.---|.(|..[|...|               |.....|
  #.....###`*#####*#*[##|...|.((|..|...|....|..|=[.|...|     `#########-.....|
   .^...########[*#***##....|.((|..|!..-.|..|--|.(.|...|               |....^|
  #.....`##**###*#***#*#....-----|------.----..-----....###            |...>.|
  #.))..)#**##`####`### |..............................|               -------
   -----       ###      --------------------------------

BoozyBardOfBrew the Fighter  St:16 Dx:15 Co:18 In:8 Wi:10 Ch:10  Lawful
Dlvl:7  $:1210 HP:0(83) Pw:18(18) AC:-5 Xp:8 T:12176  Burdened Blind Fly

Latest messages:
 The priestess of Tyr looks better.
 You swap places with the peaceful watchman.
 Pick a monster, object or location.
 Dodo bites the watchman.
 The watchman thrusts his short sword at Dodo.
 The watchman hits Dodo.
 Dodo bites the watchman.
 The watchman thrusts his short sword at Dodo.
 The watchman hits Dodo.
 Dodo misses the watchman.
 Dodo bites the yellow light.
 Dodo misses it.
 Dodo bites the watchman.
 The watchman thrusts his short sword at Dodo.
 The watchman hits Dodo.
 The yellow light explodes!
 You are blinded by a blast of light!
 Wait!  There's something there you can't see!
 Wait!  There's something there you can't see!
 It gets angry!
 "Halt!  You're under arrest!"
 You hear the shrill sound of guards' whistles.
 Tyr roars in anger:  "Thou shalt suffer!"
 Your arm tingles.
 It hits!
 It kicks!
 You hear someone summoning insects.
 You hit it.
 It misses!
 It bites!
 It misses!
 It misses!
 It just misses!
 It hits!
 It kicks!
 It bites!
 It misses!
 You hit it.
 It bites!
 It misses!
 It bites!
 It bites!
 It misses!
 It hits!
 You die...
 Do you want your possessions identified? [ynq] (y) y
 Do you want to see your attributes? [ynq] (y) y
 Do you want an account of creatures vanquished? [ynaq] (y) n
 Do you want to see your conduct and achievements? [ynq] (y) y
 Do you want to see the dungeon overview? [ynq] (y) y

Inventory:
 Coins    ('$')
  $ - 1210 gold pieces
 Amulets  ('"')
  V - an uncursed amulet of flying (being worn)
 Weapons  (')')
  b - 4 +0 daggers
  l - a +0 dwarvish spear (weapon in right hand)
 Armor    ('[')
  L - an uncursed +0 elven leather helm
  O - a cursed -1 elven leather helm
  r - an uncursed +0 pair of leather gloves
  c - an uncursed +3 small shield (being worn)
  o - an uncursed +0 mummy wrapping
  U - an uncursed +5 banded mail (being worn)
  e - an uncursed +0 elven mithril-coat
  W - an uncursed +0 elven mithril-coat
 Scrolls  ('?')
  S - an uncursed scroll of remove curse
 Rings    ('=')
  F - an uncursed ring of cold resistance (on right hand)
  M - an uncursed ring of regeneration (on left hand)
  j - an uncursed ring of teleport control
  I - an uncursed ring of warning
 Wands    ('/')
  H - a cursed wand of cancellation (0:5)
  K - a cursed wand of light (0:14)
  f - a wand of lightning (0:6)
  G - a cursed wand of polymorph (0:7)
  J - a wand of striking (0:3)
  h - a wand of teleportation (0:8)
  E - a wand of teleportation (0:6)
 Tools    ('(')
  D - an uncursed tin whistle
  v - a tinning kit (0:64)

BoozyBardOfBrew the Valkyrie's attributes:

Background:
 You were a Fighter, a level 8 human Valkyrie.
 You were lawful, on a mission for Tyr
 who was opposed by Odin (neutral) and Loki (chaotic).
 You were right-handed.
 You were in the Gnomish Mines, on level 7.
 You entered the dungeon 12176 turns ago.
 It was nighttime.
 You had 2367 experience points, 193 more were needed to attain level 9.

Basics:
 You had 0 out of 83 hit points.
 You had all 18 energy points (spell power).
 Your armor class was -5.
 Your wallet contained 1210 zorkmids.
 Autopickup was off.

Final Characteristics:
 Your strength was 16 (peak:18, limit:18/100).
 Your dexterity was 15 (limit:18).
 Your constitution was 18 (limit:18).
 Your intelligence was 8 (limit:18).
 Your wisdom was 10 (limit:18).
 Your charisma was 10 (limit:18).

Final Status:
 You were flying.
 You were temporarily blind.
 You weren't hungry.
 You were burdened; movement was slightly slowed.
 You were wielding a spear.
 You had expert skill with spear.

Final Attributes:
 You were piously aligned.
 You were cold resistant.
 Your items were protected from cold.
 You were sleep resistant.
 You were poison resistant.
 You were stealthy.
 You regenerated.
 You were warded.
 Your spell casting was impaired by metallic armor.
 You were fast.
 You are dead.

Miscellaneous:
 You encountered 1 bones level.
 Total elapsed playing time was 14 hours, 16 minutes and 3 seconds.

Major events:
 Turn
    1: BoozyBardOfBrew the lawful human Valkyrie entered the dungeon
 2168: attained the rank of Skirmisher (level 3)
 3553: entered the Gnomish Mines
 5668: attained the rank of Fighter (level 6)
 7425: reached Mine Town
12176: killed by a priestess of Tyr

Spells:
 Name                 Level Category     Fail Retention
 cone of cold           4   attack       100%   51%-75%

Skills:
 Fighting Skills
   bare handed combat [Unskilled]
   two weapon combat  [Unskilled]
   riding             [Unskilled]
 Weapon Skills
   dagger             [Basic]
   axe                [Unskilled]
   pick-axe           [Unskilled]
   short sword        [Unskilled]
   broadsword         [Unskilled]
   long sword         [Unskilled]
   two-handed sword   [Unskilled]
   saber              [Unskilled]
   hammer             [Unskilled]
   quarterstaff       [Unskilled]
   polearms           [Unskilled]
   spear              [Expert]
   trident            [Unskilled]
   lance              [Unskilled]
   sling              [Unskilled]
 Spellcasting Skills
   attack spells      [Unskilled]
   escape spells      [Unskilled]

Voluntary challenges:
 Character rerolling was not enabled.
 You never genocided any monsters.
 You never polymorphed an object.
 You never changed form.
 You used no wishes.
Achievements:
 You entered a shop.
 You attained the rank of Skirmisher.
 You entered the Gnomish Mines.
 You attained the rank of Fighter.
 You entered Minetown.
 You entered a temple.

 The Dungeons of Doom: levels 1 to 4
    Level 1:
       A fountain.
    Level 2:
       A general store.
    Level 3: "general store, 2 stairs"
       A general store, a fountain.
       Stairs down to The Gnomish Mines.
    Level 4:
 The Gnomish Mines: levels 4 to 9
    Level 4: "dark gnome cave, explore bot"
    Level 5:
    Level 6: "tinning kit,elven mithril coat"
    Level 7: "gnome town" <- You were here.
       Many shops, a temple and an altar to Tyr, some fountains.
       Final resting place for
          you, killed by a priestess of Tyr.
    Level 8:
    Level 9:
       A grave.
       Final resting place for
          ButtonHitter-Val-Hum-Fem-Neu, killed by a Grey-elf.


Vanquished creatures:
  a ghost
  a small mimic
  a gelatinous cube
 an elf mummy
  a Grey-elf
  3 watchmen
  2 chameleons
  a quivering blob
  a cockatrice
  a panther
  2 leprechauns
 an orc-captain
 an iron piercer
  a giant spider
  a horse
  a black light
  2 gnome rulers
  a dwarf mummy
 an owlbear
  2 lizards
  a dingo
  a housecat
  a jaguar
  a dwarf leader
  3 blue jellies
  a raven
  2 gnome mummies
 an ape
  2 soldier ants
  a fire ant
 an imp
  2 water nymphs
  5 Uruk-hai
  a rock piercer
  a rock mole
  a pony
  2 yellow lights
  a shrieker
  7 gnome leaders
  2 gnomish wizards
  a gray ooze
  a ghoul
  a straw golem
 17 giant ants
  a little dog
  3 floating eyes
  a kitten
  9 dwarves
  a homunculus
  2 kobold leaders
  2 kobold shamans
  9 rothes
  a monkey
  6 orc zombies
  3 werejackals
  3 iguanas
  2 killer bees
 an acid blob
  2 coyotes
  a gas spore
  8 hobbits
  7 manes
  a large kobold
  2 hobgoblins
  4 giant rats
  4 cave spiders
  a yellow mold
  2 red molds
 40 gnomes
 11 garter snakes
  2 gnome zombies
  9 geckos
 11 jackals
  6 goblins
  a sewer rat
  5 grid bugs
  5 bats
  5 lichens
  2 kobold zombies
  9 newts
265 creatures vanquished.

No species were genocided or became extinct.

Game over:
                       ----------
                      /          \
                     /    REST    \
                    /      IN      \
                   /     PEACE      \
                  /                  \
                  | BoozyBardOfBrew  |
                  |     1210 Au      |
                  |   killed by a    |
                  | priestess of Tyr |
                  |                  |
                  |                  |
                  |       2026       |
                 *|     *  *  *      | *
        _________)/\\_//(\/(/\)/\//\/|_)_______

Farvel BoozyBardOfBrew the Valkyrie...

You died in The Gnomish Mines on dungeon level 7 with 11007 points,
and 1210 pieces of gold, after 12176 moves.
You were level 8 with a maximum of 83 hit points when you died.

